 Dungeon Crawl Stone Soup version 0.19.1 (webtiles) character file.

242 Jerry the Ducker (level 6, -1/47 HPs)
             Began as a Merfolk Monk on Dec 19, 2016.
             Slain by an ogre
             ... wielding a +0 giant club
              (6 damage)
             ... on level 4 of the Dungeon.
             The game lasted 00:05:08 (4027 turns).

Jerry the Ducker (Merfolk Monk)                     Turns: 4027, Time: 00:05:08

Health: -1/47      AC:  8    Str: 12    XL:     6   Next: 9%
Magic:  6/6        EV:  7    Int: 10    God:
Gold:   196        SH:  0    Dex: 17    Spells: 0 memorised, 5 levels left

rFire  . . .     SeeInvis +     a - +0 falchion
rCold  . . .     Gourm    .     g - +0 chain mail
rNeg   . . .     Faith    .     (no shield)
rPois  .         Spirit   .     (no helmet)
rElec  .         Reflect  .     (no cloak)
rCorr  .         Harm     .     (no gloves)
MR     .....                    (no boots)
Stlth  ..........               (no amulet)
                                (no ring)
                                e - ring of see invisible

@: no status effects
A: change form in water, swift swim, stealthy swim
a: no special abilities


You were on level 4 of the Dungeon.
You were not hungry.

You visited 1 branch of the dungeon, and saw 4 of its levels.

You collected 196 gold pieces.

Inventory:

Hand Weapons
 a - a +0 falchion (weapon)
Armour
 b - a +0 robe
 g - a +0 chain mail (worn)
Jewellery
 e - a ring of see invisible (left hand)
 A - an uncursed amulet of regeneration {unknown}
Scrolls
 d - a scroll of noise {unknown}
 k - 2 scrolls of amnesia {unknown}
 m - 2 scrolls of remove curse {unknown}
 n - a scroll of fog {unknown}
 o - a scroll of blinking {unknown}
 p - 3 scrolls of identify {unknown}
 t - a scroll of immolation {unknown}
 u - 2 scrolls of teleportation {unknown}
 w - 4 scrolls of magic mapping {unknown}
 y - a scroll of random uselessness {unknown}
 D - a scroll of fear {unknown}
Potions
 h - 3 potions of degeneration {unknown}
 i - a potion of cure mutation {unknown}
 q - a potion of brilliance {unknown}
 r - 2 potions of curing {unknown}
 s - a potion of invisibility {unknown}
 v - a potion of lignification {unknown}
 x - a potion of agility {unknown}
 B - 2 potions of heal wounds {unknown}
 C - 2 potions of mutation {unknown}
Books
 z - a book of Maledictions

   Spells                             Type                      Level
   a - Corona                         Hexes                        1
   b - Ensorcelled Hibernation        Hexes/Ice                    2
   c - Confuse                        Hexes                        3
   d - Tukima's Dance                 Hexes                        3
   e - Dazzling Spray                 Conjuration/Hexes            3
Comestibles
 c - 3 bread rations
 f - 2 beef jerkies
 j - 3 meat rations
 l - 2 slices of pizza


   Skills:
 - Level 3.2 Fighting
 + Level 4.6 Long Blades
 + Level 2.0 Armour
 + Level 5.3 Dodging
 + Level 4.1 Stealth


You had 5 spell levels left.
You didn't know any spells.

Dungeon Overview and Level Annotations

Branches:
Dungeon (4/15)
 Temple: D:4-7

Altars:
Ru
The Shining One


Message History

You are too injured to fight recklessly!
You are too injured to fight recklessly!
You are too injured to fight recklessly!
You hit the ogre.
The ogre is moderately wounded.
The ogre hits you with a giant club!
* * * LOW HITPOINT WARNING * * *
Your chain mail prevents you from hitting the ogre.
The ogre is moderately wounded.
The ogre barely misses you.
You riposte.
You hit the ogre.
The ogre is moderately wounded.
You hit the ogre.
The ogre is heavily wounded.
You hit the ogre.
The ogre is severely wounded.
The ogre barely misses you.
You hit the ogre but do no damage.
The ogre is severely wounded.
The ogre hits you with a giant club.
You die...

######.#.. #.# #.# #.#
.......#.# #.# #.# #.#
.#####.#.# #.###.# #.#
.......#.# #.#...# #.##
.#####.#.# ####...###
#..## .# ##.#.# #......
##.#.## .####....###.# #.#
##..##.## ......#....#.#
#O# #.#..##.#
#####....#.#.# #@#
##.#.#.## #
####.#.#.#.###.# ##...## #
#..............# ##.##
###''####.......## #.#
........#....##(# #.#
........###..##.########.#
..♣.♣♣..###..##..........#
(..♣.♣..'.#......#########
..♣.♣...'....##.##


You could see an ogre.

Vanquished Creatures
  A howler monkey (D:4)
  A hound (D:3)
  A bullfrog skeleton (D:4)
  A worker ant (D:4)
  5 adders
  2 dart slugs (D:2)
  2 leopard geckos
  6 orcs (D:3)
  2 ball pythons
  11 bats
  3 giant cockroaches
  9 goblins
  7 hobgoblins
  2 quokkas (D:3)
  3 frilled lizards
  A jackal skeleton (D:4)
  6 kobolds
  6 rats
69 creatures vanquished.

Notes
Turn   | Place    | Note
-------+----------+-------------------------------------------
     0 | D:1      | Jerry the Merfolk Monk began the quest for the Orb.
     0 | D:1      | Reached XP level 1. HP: 18/18 MP: 1/1
   210 | D:1      | Reached XP level 2. HP: 14/24 MP: 2/2
  1013 | D:2      | Reached XP level 3. HP: 28/29 MP: 3/3
  1339 | D:2      | Found a glowing golden altar of the Shining One.
  1531 | D:2      | Reached skill level 1 in Armour
  1858 | D:3      | Found a sacrificial altar of Ru.
  2076 | D:3      | Reached XP level 4. HP: 35/35 MP: 4/4
  2722 | D:3      | Reached XP level 5. HP: 24/41 MP: 5/5
  3242 | D:4      | Reached skill level 5 in Dodging
  3548 | D:4      | Reached XP level 6. HP: 7/47 MP: 6/6
  4027 | D:4      | Slain by an ogre

Skill      XL: |  1  2  3  4  5  6 |
---------------+-------------------+-----
Stealth        | 3 4 |  4.1
Armour         | 1 2 |  2.0
Long Blades    | 4 |  4.6
Dodging        | 5 |  5.3
Fighting       | |  3.2

Action                   |  1- 3 |  4- 6 || total
-------------------------+-------+-------++-------
Melee: Falchion          |   151 |   171 ||   322
 Stab: Sleeping          |     4 |       ||     4
  Eat: Chunk             |     4 |     6 ||    10
Armor: Robe              |     4 |       ||     4
       Chain mail        |    77 |   103 ||   180
Dodge: Dodged            |    79 |    80 ||   159
       Rpst.: Falchion   |    19 |    22 ||    41
